 Dungeon Crawl Stone Soup version 0.17.2 (webtiles) character file.

15946 Shtopit the Basher (level 12, -35/78 HPs)
             Began as a Gargoyle Berserker on May 7, 2016.
             Was a High Priest of Trog.
             Annihilated by an enormous slime creature (69 damage)
             ... on level 12 of the Dungeon.
             The game lasted 00:36:38 (11551 turns).

Shtopit the Basher (Gargoyle Berserker)            Turns: 11551, Time: 00:36:38

Health: -35/78     AC: 28    Str: 28    XL:     12   Next: 32%
Magic:  5/5        EV: 10    Int:  9    God:    Trog [*****.]
Gold:   687        SH:  0    Dex:  6    Spells: 0 memorised, 11 levels left

rFire  + + +     SeeInvis .     S - +1 dire flail (antimagic)
rCold  . . .     Clarity  .     I - +1 chain mail "Huoclaz" {rF++ Regen+ Str+3 Dex-3}
rNeg   + . .     SustAt   .     (shield currently unavailable)
rPois  ∞         Gourm    .     n - +1 helmet
rElec  +         Spirit   .     e - +0 cloak
rCorr  +         Warding  .     x - +0 pair of gloves
rMut   .         Stasis   .     j - +0 pair of boots
MR     +....                    w - amulet of resist corrosion
Stlth  ..........               s - ring of protection from magic
                                V - ring of protection from fire

@: somewhat resistant to hostile enchantments, extremely unstealthy
A: negative energy resistance 1, electricity resistance, unbreathing,
petrification resistance, rot immunity, AC +8
a: Berserk, Trog's Hand, Brothers in Arms, Burn Spellbooks, Renounce Religion


You were on level 12 of the Dungeon.
You worshipped Trog.
Trog was extremely pleased with you.
You were not hungry.

You visited 1 branch of the dungeon, and saw 12 of its levels.

You collected 687 gold pieces.

Inventory:

Hand Weapons
 d - a +0 blowgun
 H - a +2 flail of venom
 S - a +1 antimagic dire flail (weapon)
 X - a +1 arbalest of freezing
Missiles
 a - 14 poisoned needles
 Z - 17 bolts
Armour
 b - the +1 ring mail "Coemecw" {+Blink rElec}
   (You found it on level 10 of the Dungeon)

   It insulates you from electricity.
   It lets you blink.
 e - a +0 cloak (worn)
 j - a +0 pair of boots (worn)
 n - a +1 helmet (worn)
 x - a +0 pair of gloves (worn)
 I - the +1 chain mail "Huoclaz" (worn) {rF++ Regen+ Str+3 Dex-3}
   (You found it on level 6 of the Dungeon)

   It affects your strength (+3).
   It affects your dexterity (-3).
   It greatly protects you from fire.
   It increases your rate of regeneration.
 L - a +0 plate armour
Jewellery
 s - a ring of protection from magic (right hand)
 w - an amulet of resist corrosion (around neck)
 D - an uncursed amulet of warding
 J - a +1 ring of slaying
 V - a ring of protection from fire (left hand)
Wands
 p - a wand of lightning (5)
 y - a wand of fire (8)
 F - a wand of cold (8)
 K - a wand of fire (8)
 W - a wand of polymorph (13)
Scrolls
 f - a scroll of teleportation
 k - 2 scrolls of enchant weapon
 m - 2 scrolls of fear
 A - 6 scrolls of remove curse
 B - 3 scrolls of identify
 C - 2 scrolls of enchant armour
 M - 3 scrolls of magic mapping
 T - a scroll of recharging
Potions
 g - 4 potions of haste
 i - 5 potions of heal wounds
 o - 2 potions of resistance
 q - 3 potions of invisibility
 r - a potion of cure mutation
 u - a potion of curing
 E - 4 potions of agility
 G - a potion of flight
 P - 2 potions of brilliance
 U - a potion of ambrosia {unknown}
Books
 O - a book of Burglary

   Spells                             Type                      Level
   a - Swiftness                      Charms/Air                   2
   b - Passwall                       Transmutation/Earth          3
   c - Passage of Golubria            Translocation                4
   d - Lee's Rapid Deconstruction     Earth                        5
   e - Darkness                       Hexes                        6
   f - Invisibility                   Hexes                        6
   Trog disapproves of the use of such an item.
 Q - a book of Flames

   Spells                             Type                      Level
   a - Flame Tongue                   Conjuration/Fire             1
   b - Throw Flame                    Conjuration/Fire             2
   c - Conjure Flame                  Conjuration/Fire             3
   d - Inner Flame                    Hexes/Fire                   3
   e - Sticky Flame                   Conjuration/Fire             4
   f - Fireball                       Conjuration/Fire             5
   Trog disapproves of the use of such an item.
 R - a book of Summonings

   Spells                             Type                      Level
   a - Recall                         Summoning/Translocation      3
   b - Aura of Abjuration             Summoning                    5
   c - Shadow Creatures               Summoning                    5
   d - Summon Demon                   Summoning                    5
   e - Summon Forest                  Summoning/Translocation      5
   f - Summon Mana Viper              Hexes/Summoning              5
   Trog disapproves of the use of such an item.
Miscellaneous
 v - a fan of gales
 z - a plain deck of defence
 N - a box of beasts
Comestibles
 c - 5 bread rations
 h - 3 meat rations
 l - 7 beef jerkies
 t - 10 royal jellies
 Y - 4 chunks of flesh


   Skills:
 + Level 10.4 Fighting
 + Level 11.3 Maces & Flails
 + Level 0.6 Throwing
 + Level 11.3 Armour
 + Level 6.8 Dodging
 * Level 4.1 Evocations


You had 11 spell levels left.
You didn't know any spells.

Dungeon Overview and Level Annotations

Branches:
Dungeon (12/15)            Temple (0/1) D:7            Lair (0/8) D:9
    Orc: D:9-12

Altars:
Elyvilon
Kikubaaqudgha
Ru
Sif Muna
Trog
Xom
Yredelemnul
Zin

Annotations:
D:12 Psyche


Innate Abilities, Weirdness & Mutations

You are resistant to torment.
Your stone body is resilient (AC +8).
You are immune to poison.
You resist negative energy.
You are resistant to electric shocks.
You can survive without breathing.
You are immune to petrification.
You are immune to rotting.


Message History

You impale the slime creature!!
The slime creature is heavily wounded.
Two slime creatures merge to form a large slime creature.
You hit the large slime creature.
The large slime creature is moderately wounded.
Two slime creatures merge to form a very large slime creature.
You completely miss the very large slime creature.
The very large slime creature is lightly wounded.
Two slime creatures merge to form an enormous slime creature.
You sock the enormous slime creature!
The enormous slime creature is lightly wounded.
You bludgeon the enormous slime creature!!
The enormous slime creature is moderately wounded.
The enormous slime creature hits you!!!
Ouch! That really hurt!
You sock the enormous slime creature!
The enormous slime creature is moderately wounded.
The enormous slime creature hits you!!!
Ouch! That really hurt!
You die...

.. #..#......).....# #....
[..#........)...# #....
...#............#####.... ....
..##.....######).).......
....#####.#......# #..########
....#...#.#......# #..#
[...#...#.#......# #..+
....#...#.#......# ...#
....#.>.#.#####.@# ##..#
#..##'##>....#..J........
#......).....#........... ##
##.....#'####.#......... #.
.......#..).#.#..####### #.
@......#....#.#..#.....# #.
.......#....#.####.....#########.
.......#....#.........)..........
.......#....#.........)..........


You could see an enormous slime creature.

Vanquished Creatures
  Nessos (D:12)
  Josephine (D:12)
  Erolcha (D:11)
  2 hill giants (D:12)
  2 two-headed ogres
  4 trolls
  6 slime creatures
  4 wraiths
  Sigmund (D:2)
  2 wyverns (D:12)
  2 deep elf magi
  8 yaks
  5 hippogriffs
  3 hungry ghosts
  2 soldier ants (D:8)
  Edmund (D:6)
  5 orc warriors
  The ghost of Charly the Ruffian, an amateur VSTm of Cheibriados (D:5)
  An eye of draining (D:12)
  2 ice beasts (D:8)
  3 sky beasts
  9 ogres
  A black bear (D:7)
  A spider (D:8)
  2 phantoms
  4 centaurs
  5 giant frogs
  5 big kobolds
  The ghost of Charly the Ruffian, an amateur VSTm of Cheibriados (D:4)
  4 scorpions
  12 killer bees
  6 wights
  2 quasits
  3 giant frog zombies
  11 crimson imps
  3 iguanas
  Crazy Yiuf (D:7)
  9 jellies
  2 giant frog skeletons
  A gnoll shaman (D:8)
  4 hounds
  2 centaur skeletons
  Terence (D:2)
  11 orc wizards
  8 orc priests
  11 worker ants
  A hound skeleton (D:8)
  A worker ant zombie (D:5)
  9 adders
  8 gnolls
  3 white imps (D:12)
  A shadow imp (D:12)
  An ooze (D:3)
  An adder zombie (D:6)
  A worm (D:8)
  36 orcs
  6 hobgoblins
  9 jackals
  5 quokkas
  A ball python (D:3)
  7 bats
  5 giant cockroaches
  8 giant geckos
  A giant gecko skeleton (D:7)
  7 giant newts
  4 goblins
  20 kobolds
  A quokka skeleton (D:6)
  2 quokka zombies
  9 rats
  A rat zombie (D:7)
324 creatures vanquished.

Notes
Turn   | Place    | Note
--------------------------------------------------------------
     0 | D:1      | Shtopit the Gargoyle Berserker began the quest for the Orb.
     0 | D:1      | Reached XP level 1. HP: 14/14 MP: 1/1
   353 | D:1      | Reached XP level 2. HP: 19/19 MP: 2/2
  1075 | D:2      | Found a shimmering altar of Xom.
  1286 | D:2      | Noticed Terence
  1328 | D:2      | Killed Terence
  1328 | D:2      | Reached skill level 4 in Fighting
  1328 | D:2      | Reached XP level 3. HP: 21/24 MP: 3/3
  1374 | D:2      | Reached ** piety under Trog
  1510 | D:2      | Noticed Sigmund
  1525 | D:2      | Killed Sigmund
  1525 | D:2      | Reached XP level 4. HP: 29/30 MP: 4/4
  1525 | D:2      | Reached XP level 5. HP: 32/34 MP: 5/5
  1960 | D:3      | Reached XP level 6. HP: 37/40 MP: 6/6
  2135 | D:3      | Reached skill level 5 in Fighting
  2368 | D:3      | Found a faded altar to an unknown god.
  2640 | D:4      | Reached skill level 5 in Maces & Flails
  2908 | D:4      | Noticed Charly's ghost (amateur VSTm)
  2928 | D:4      | Killed Charly's ghost
  2928 | D:4      | Reached XP level 7. HP: 44/44 MP: 7/7
  2933 | D:4      | Reached *** piety under Trog
  3300 | D:4      | Found a white marble altar of Elyvilon.
  3543 | D:5      | Entered Level 5 of the Dungeon
  3828 | D:5      | You fall through a shaft!
  4211 | D:6      | Noticed Edmund
  4226 | D:6      | Reached skill level 5 in Armour
  4226 | D:6      | Reached XP level 8. HP: 51/51 MP: 8/8
  4232 | D:6      | Killed Edmund
  4407 | D:6      | Got a faintly glowing chain mail
  4418 | D:6      | Identified the +1 chain mail "Huoclaz" {rF++ Regen+ Str+3 Dex-3} (You found it on level 6 of the Dungeon)
  4433 | D:6      | Reached skill level 6 in Fighting
  4608 | D:6      | Reached **** piety under Trog
  4811 | D:5      | Found a deep blue altar of Sif Muna.
  4859 | D:5      | Noticed Charly's ghost (amateur VSTm)
  4866 | D:5      | Killed Charly's ghost
  5262 | D:5      | Reached skill level 7 in Maces & Flails
  5262 | D:5      | Reached XP level 9. HP: 47/56 MP: 9/9
  5317 | D:5      | Found a sacrificial altar of Ru.
  5320 | D:5      | Found a glowing silver altar of Zin.
  5323 | D:5      | Found a bloodstained altar of Trog.
  5570 | D:7      | Found a staircase to the Ecumenical Temple.
  5589 | D:7      | Noticed Crazy Yiuf
  5594 | D:7      | Killed Crazy Yiuf
  5794 | D:7      | Found an ancient bone altar of Kikubaaqudgha.
  5941 | D:8      | Reached skill level 8 in Maces & Flails
  6245 | D:8      | Reached ***** piety under Trog
  6245 | D:8      | Reached XP level 10. HP: 59/64 MP: 10/10
  6303 | D:8      | Reached skill level 5 in Dodging
  6902 | D:8      | Reached skill level 9 in Maces & Flails
  7297 | D:9      | Got a polished falchion
  7669 | D:9      | Found a staircase to the Lair.
  7983 | D:10     | Entered Level 10 of the Dungeon
  8259 | D:10     | Reached skill level 10 in Maces & Flails
  8259 | D:10     | Reached XP level 11. HP: 69/71 MP: 11/11
  8316 | D:10     | Received a gift from Trog
  8507 | D:10     | Identified the cursed +1 falchion "Naleisar" {slice, rN+ Int+2 Stlth+} (You found it on level 9 of the Dungeon)
  8562 | D:10     | Got a twisted ring mail
  8563 | D:10     | Identified the +1 ring mail "Coemecw" {+Blink rElec} (You found it on level 10 of the Dungeon)
  9477 | D:11     | Reached skill level 10 in Armour
  9493 | D:11     | Noticed Erolcha
  9516 | D:11     | Killed Erolcha
  9516 | D:11     | Reached skill level 1 in Evocations
  9790 | D:11     | Found a basalt altar of Yredelemnul.
 10829 | D:12     | Reached skill level 11 in Armour
 10896 | D:12     | Received a gift from Trog
 10941 | D:12     | Noticed a hill giant
 10950 | D:12     | Killed a hill giant
 10950 | D:12     | Reached skill level 10 in Fighting
 11134 | D:12     | Noticed a hill giant
 11143 | D:12     | Killed a hill giant
 11143 | D:12     | Reached XP level 12. HP: 25/77 MP: 4/14
 11247 | D:12     | Noticed Psyche
 11346 | D:12     | Noticed Nessos
 11366 | D:12     | Killed Nessos
 11462 | D:12     | Noticed Josephine
 11527 | D:12     | Killed Josephine
 11551 | D:12     | Annihilated by an enormous slime creature

Action                   |  1- 3 |  4- 6 |  7- 9 | 10-12 || total
-------------------------+-------+-------+-------+-------++-------
Melee: Whip              |   167 |   214 |   158 |       ||   539
       Mace              |     5 |       |       |       ||     5
       Flail             |       |       |   245 |   581 ||   826
       Dire flail        |       |       |       |   123 ||   123
 Fire: Blowgun           |       |       |       |     6 ||     6
Invok: Berserk           |     1 |     3 |     3 |     7 ||    14
       Trog's Hand       |     1 |       |       |     2 ||     3
  Use: Scroll            |       |    12 |       |    11 ||    23
       Potion            |       |       |       |     4 ||     4
  Eat: Chunk             |     2 |     8 |    15 |    20 ||    45
       Fruit             |       |       |       |     3 ||     3
       Beef jerky        |       |       |       |     3 ||     3
       Bread ration      |       |       |       |     1 ||     1
       Royal jelly       |       |       |       |     1 ||     1
